 Dungeon Crawl Stone Soup version 0.31-a0-187-gba352fbbf7 (webtiles) character file.

Game seed: 16703356896883260441

92 qw the Shooter (level 4, 0/25 HPs)
             Began as a Deep Elf Hunter on June 22, 2023.
             Slain by Natasha (6 damage)
             ... on level 2 of the Dungeon.
             The game lasted 00:00:27 (996 turns).

qw the Shooter (Deep Elf Hunter)                     Turns: 996, Time: 00:00:27

Health: 0/25       AC:  5    Str: 10    XL:     4   Next: 35%
Magic:  6/6        EV: 11    Int: 14    God:
Gold:   54         SH:  0    Dex: 18    Spells: 3/3 levels left

rFire   . . .        Y - +0 shortbow
rCold   . . .        (shield currently unavailable)
rNeg    . . .        c - +0 ring mail
rPois   .            (no helmet)
rElec   .            (no cloak)
rCorr   .            (no gloves)
SInv    .            (no boots)
Will    .....        (no amulet)
Stlth   +            (no ring)
HPRegen 0.24/turn    (no ring)
MPRegen 0.10/turn

%: no passive effects
@: no status effects
A: no striking features
a: no special abilities


You were on level 2 of the Dungeon.
You visited 1 branch of the dungeon, and saw 2 of its levels.

You collected 54 gold pieces.


   Skills:
 - Level 1.5 Fighting
 + Level 7.8 Ranged Weapons
 - Level 2.4 Dodging
 - Level 1.2 Stealth


You had 3 spell levels left.
You didn't know any spells.
Your spell library was empty.

Inventory:

Hand Weapons
 Y - a +0 shortbow (weapon)
Armour
 c - a +0 ring mail (worn)
Scrolls
 a - a scroll of identify
Potions
 e - a potion of curing {unknown}

Dungeon Overview and Level Annotations

Branches:
Dungeon (2/15)

Altars:

Annotations:
D:2 1 runed translucent door, Crazy Yiuf, Natasha


Message History

The magic dart hits you.
You shoot an arrow. The arrow hits Natasha.
Natasha is lightly wounded.
Natasha casts a spell at you. The magic dart hits you.
You shoot an arrow. The arrow hits Natasha!
Natasha is severely wounded.
You shoot an arrow. The arrow barely misses Natasha.
Natasha stares at you and mumbles some strange words.
The magic dart hits you.
You shoot an arrow. The arrow hits Natasha!
You kill Natasha!
Natasha growls in agony!
You start resting.
Natasha, Servant of Life and Death comes into view.
You shoot an arrow. The arrow barely misses Natasha.
Natasha casts a spell.
You shoot an arrow.
The arrow barely misses the cerulean imp.
Natasha howls an incantation.
Natasha's front paws start to glow.
You shoot an arrow. The arrow hits the cerulean imp.
The cerulean imp is lightly wounded.
The cerulean imp hits you but does no damage.
You shoot an arrow. The arrow hits Natasha.
Natasha is moderately wounded.
The cerulean imp hits you from afar with a +0 spear.
Natasha claws you!
You shoot an arrow. The arrow closely misses Natasha.
The cerulean imp hits you from afar with a +0 spear.
Natasha closely misses you.
The cerulean imp hits you but does no damage.
You shoot an arrow.
The arrow hits Natasha but does no damage.
Natasha is moderately wounded.
Natasha claws you but does no damage. The cerulean imp misses you.
You shoot an arrow. The arrow hits Natasha.
Natasha is severely wounded.
Natasha claws you.
You die...

..7 ####..###.[.....##)##.##....
.## #####...#.%.....##.##......#
..# ##...............##.##.####..
..###................##..#.####.#
....#..........######............
###..........#.#................#
###........#.#..5.........#####
#........#....%........##
#..).....###@h...#####.#
#........# #.....# #.#
#..........#.....# ###.######
#..........#.....# #........#
#####......#.....# #........#
#......#.....# #........#
#......#.....# #.........
##.######.........
#.....##.........


You could see Natasha and a cerulean imp (summoned).

Vanquished Creatures
  Natasha (twice) (D:2)
  An adder (D:2)
  A worm (D:2)
  A dart slug (D:2)
  3 bats (D:1)
  2 endoplasms (D:1)
  4 giant cockroaches (D:1)
  2 goblins (D:1)
  A hobgoblin (D:1)
  2 quokkas (D:1)
  4 ball pythons (D:1)
  4 frilled lizards
  3 rats
30 creatures vanquished.

Notes
Turn   | Place    | Note
-------+----------+-------------------------------------------
     0 | D:1      | qw the Deep Elf Hunter began the quest for the Orb.
     0 | D:1      | Reached XP level 1. HP: 12/12 MP: 3/3
     0 | D:1      | 0 ||| qw: Version: 0.3-a-9-g12657ce
     0 | D:1      | 0 ||| qw: Game counter: 2602
     0 | D:1      | 0 ||| qw: Always use a shield: true
     0 | D:1      | 0 ||| qw: God list: Okawaru
     0 | D:1      | 0 ||| qw: Allow faded altars: false
     0 | D:1      | 0 ||| qw: Do Orc after D:15 true
     0 | D:1      | 0 ||| qw: Do second Lair branch before Depths: true
     0 | D:1      | 0 ||| qw: Lair rune preference: random
     0 | D:1      | 0 ||| qw: Plans: Normal
     0 | D:1      | 0 ||| PLANNING D:1-11
   131 | D:1      | Reached XP level 2. HP: 16/16 MP: 4/4
   136 | D:1      | 136 ||| DROPPING scroll of butterflies.
   148 | D:1      | Reached skill level 6 in Ranged Weapons
   352 | D:1      | You fall into a shaft and drop 1 floor!
   451 | D:2      | Reached XP level 3. HP: 20/20 MP: 5/5
   476 | D:2      | Found a runed translucent door.
   477 | D:2      | Noticed Crazy Yiuf
   525 | D:2      | 525 ||| UPGRADING to +0 scale mail.
   535 | D:2      | 535 ||| DROPPING +0 leather armour.
   536 | D:2      | 536 ||| READING 2 scrolls labelled XYOCASTRIJOZ.
   537 | D:2      | 537 ||| READING scroll labelled DAPOHI AC HOU.
   538 | D:2      | 538 ||| READING scroll labelled IRABLUSOMIA.
   806 | D:1      | 806 ||| UPGRADING to +0 ring mail.
   816 | D:1      | 816 ||| DROPPING +0 scale mail.
   817 | D:1      | 817 ||| READING scroll labelled FAGUMI WUPUDGH.
   818 | D:1      | 818 ||| READING 2 scrolls of identify.
   818 | D:1      | 818 ||| IDENTIFYING fizzy green potion
   864 | D:2      | Noticed Natasha
   871 | D:2      | HP: 3/20 [Natasha (8)]
   872 | D:2      | 872 ||| DRINKING potion of heal wounds.
   881 | D:2      | Killed Natasha
   882 | D:2      | Reached skill level 7 in Ranged Weapons
   882 | D:2      | Reached XP level 4. HP: 12/25 MP: 6/6
   962 | D:2      | Noticed Natasha
   968 | D:2      | Killed Natasha
   989 | D:2      | Noticed Natasha
   994 | D:2      | HP: 5/25 [cerulean imp/+0 spear[Natasha] (2)]
   996 | D:2      | Slain by Natasha

Levels and vault maps discovered:
D:1:      arrival_zaba_pyramid, layout_basic, nrook_loot_triangle,
          hangedman_glass_teeth, minmay_tree_intersection, minmay_distorted
D:2:      layout_basic, nicolae_elevator_lobby_asterisk, uniq_natasha,
          uniq_crazy_yiuf_cottage

Skill      XL: |  1  2  3 |
---------------+----------+-----
Ranged Weapons | 6 7 |  7.8
Fighting       | |  1.5
Dodging        | |  2.4
Stealth        | |  1.2

Action                     |  1- 3 |  4- 6 || total
---------------------------+-------+-------++-------
   Fire: Shortbow          |    89 |    13 ||   102
    Use: Scroll            |     5 |       ||     5
         Potion            |     1 |       ||     1
 Armour: Leather armour    |     3 |       ||     3
         Scale mail        |     3 |       ||     3
         Ring mail         |     1 |     3 ||     4
  Dodge: Dodged            |    28 |     2 ||    30

Table legend:
 A = Non-vault XP
 B = Vault XP
 C = Vault XP percentage of total XP
 D = Non-vault monster count
 E = Vault monster count
 F = Vault count percentage of total count
                 A         B        C        D         E       F
            +---------+---------+-------+---------+---------+-------
      Total |      93 |      39 |  29.5 |      27 |       3 |  10.0
            +---------+---------+-------+---------+---------+-------
        D:1 |      34 |       4 |  10.5 |      21 |       2 |   8.7
        D:2 |      59 |      35 |  37.2 |       6 |       1 |  14.3
            +---------+---------+-------+---------+---------+-------
